Map: Kairos Junction LE

Players

phoenix - Winner!

  • Race: Zerg Zerg
  • League: Gold
  • Spawn Location: 11:00

ZaZen

  • Race: Terran Terran
  • League: Silver
  • Spawn Location: 5:00

VOD

Have the link to the VOD?

Description

Time

  • Played on: May 18, 2019, 9:41 p.m.
  • Length: 10:04
Show
View Real Time Build Order
Export as new Build Order

phoenix Zerg - Winner!

Build Orders: Pool First 

Get SALT Encoding   

  12  0:05  Drone  
  13  0:11  Drone  
  14  0:30  Spawning Pool  
  14  0:32  Drone  
  14  0:43  Extractor  
  14  0:45  Extractor  
  14  0:46  Drone  
  14  0:48  Drone  
  14  0:51  Overlord  
  14  1:25  Drone x3  
  17  1:37  Lair  
  17  1:41  Drone  
  18  1:55  Drone  
  20  2:08  Zergling x2  
  20  2:17  Zergling x2  
  21  2:40  Hatchery  
  20  2:48  Spire  
  19  2:53  Drone x3  
  22  3:01  Overseer  
  22  3:03  Spine Crawler  
  21  3:49  Overlord  
  21  3:50  Drone  
  22  4:04  Mutalisk  
  22  4:05  Mutalisk  
  22  4:07  Mutalisk x2  
  22  4:09  Overseer  
  30  4:13  Mutalisk  
  30  4:16  Mutalisk  
  34  4:38  Mutalisk  
  34  4:44  Overlord  
  36  4:48  Extractor  
  35  4:55  Hydralisk Den  
  34  5:04  Overseer  
  34  5:11  Drone x3  
  37  5:19  Spore Crawler  
  36  5:27  Drone x2  
  36  5:28  Drone  
  39  5:35  Spore Crawler  
  36  6:15  Corruptor  
  36  6:17  Queen  
  40  6:19  Drone x3  
  39  6:43  Hydralisk  
  40  7:00  Queen, Drone  
  43  7:04  Overlord  
  40  7:50  Hydralisk x3  
  46  8:05  Hydralisk, Overlord  
  46  8:06  Hydralisk  
  48  8:34  Hydralisk x2  
  48  8:36  Hydralisk x2  
  48  8:37  Hydralisk  
  58  8:42  Overlord x2  
  52  9:17  Hydralisk x2  
  52  9:18  Hydralisk x4  
  52  9:22  Hydralisk  
  52  9:23  Hydralisk x3  
  72  9:36  Extractor  
  71  9:49  Drone x2  
Show
View Real Time Build Order
Export as new Build Order

ZaZen Terran 

Build Orders: Gas First Reaper Expand 

Get SALT Encoding   

  12  0:01  SCV  
  13  0:13  SCV  
  14  0:25  Supply Depot  
  14  0:29  Refinery  
  14  0:30  SCV  
  15  0:47  SCV  
  16  0:52  Barracks  
  16  0:59  SCV  
  17  1:11  SCV  
  18  1:23  SCV  
  19  1:39  Command Center  
  19  1:41  Reaper  
  20  1:53  Orbital Command  
  20  2:04  Supply Depot  
  20  2:26  SCV  
  20  2:28  Barracks Reactor  
  21  2:38  SCV  
  21  2:44  Bunker  
  21  2:54  Factory  
  21  2:57  Orbital Command  
  21  2:59  SCV  
  22  3:06  Refinery  
  22  3:10  Marine x2  
  22  3:11  SCV  
  25  3:23  SCV x2  
  27  3:31  Marine x2  
  29  3:35  SCV  
  29  3:40  Starport  
  30  3:50  SCV x2  
  33  4:02  SCV  
  33  4:06  Hellion x2, Barracks Tech Lab  
  37  4:15  SCV x2  
  39  4:25  Starport Tech Lab  
  39  4:27  Hellion x2  
  39  4:30  Stimpack  
  43  4:35  Marine  
  43  4:38  SCV x2  
  46  4:47  Refinery  
  46  4:50  Refinery, Cloaking Field  
  46  4:55  Supply Depot  
  46  5:02  Supply Depot  
  46  5:17  SCV x2, Hellion x2, Marine  
  53  5:23  Command Center, Banshee  
  53  5:28  Supply Depot  
  56  5:29  SCV x2  
  58  5:41  SCV x2  
  49  5:53  Marine  
  39  6:20  Engineering Bay  
  39  6:23  Engineering Bay  
  33  6:37  SCV x2  
  33  6:48  Viking  
  33  6:49  SCV x2  
  33  6:54  Missile Turret  
  35  6:56  Missile Turret  
  35  6:57  Missile Turret  
  35  6:58  Missile Turret  
  33  7:01  SCV  
  33  7:05  Marine  
  27  7:23  Marine  
  25  7:43  Viking  
  25  8:04  SCV x2  
  22  8:16  SCV  
  23  8:26  Marine  
  22  8:29  Widow Mine  
  22  8:30  Widow Mine  
  26  8:36  SCV x2  
  28  8:42  Missile Turret  
  28  8:43  Viking  
  28  8:44  Marine  
  29  8:48  SCV  
  27  9:17  SCV x2  
  27  9:23  Factory Reactor  
  28  9:25  Marauder  
  28  9:29  SCV  
  34  9:32  Barracks  
  34  9:35  Barracks  
  34  9:36  Barracks  
Tags
 
Add a new tag
Caveats
  • Supply blocks, unpowered buildings, or Contaminate may cause inaccurate times.
  • Supply counts are checked every 10 seconds.